 Dungeon Crawl Stone Soup version 0.30-a0-43-gbbf338a72c (webtiles) character file.

Game seed: 13086226020388017250

6 drugrobin the Sneak (level 1, -8/18 HPs)
             Began as a Demigod Delver on Aug 31, 2022.
             Mangled by a wraith (10 damage)
             ... in an ossuary.
             The game lasted 00:02:19 (464 turns).

drugrobin the Sneak (Demigod Delver)                 Turns: 464, Time: 00:02:20

Health: -8/18      AC:  3    Str: 13    XL:     1   Next: 60%
Magic:  3/3        EV: 11    Int: 12    God:
Gold:   0          SH:  0    Dex: 15    Spells: 0/0 levels left

rFire   . . .      SeeInvis .    a - +1 short sword
rCold   . . .      Faith    .    (no shield)
rNeg    . . .      Spirit   .    b - +0 leather armour
rPois   .          Reflect  .    (no helmet)
rElec   .          Harm     .    (no cloak)
rCorr   .          Rampage  .    (no gloves)
Will    .....                    (no boots)
Stlth   +++.......               (no amulet)
HPRegen 0.06/turn                (no ring)
MPRegen 0.08/turn                (no ring)

@: slowed, very slow
A: high MP 1, forlorn, divine attributes
a: no special abilities


You were in an ossuary.
You visited 1 branch of the dungeon, and saw 2 of its levels.
You also visited: Ossuary.

Inventory:

Hand Weapons
 a - a +1 short sword (weapon)
Armour
 b - a +0 leather armour (worn)
Wands
 g - a wand of digging (3)
Scrolls
 c - a scroll of fog
 d - a scroll of magic mapping
 e - a scroll of fear


   Skills:
 - Level 2.6 Fighting
 + Level 2.3 Short Blades
 - Level 1.7 Dodging
 - Level 4.5 Stealth


You couldn't memorise any spells.
You didn't know any spells.
Your spell library was empty.

Dungeon Overview and Level Annotations

Branches:
Dungeon (5/15)            Ossuary (1/1)
 Temple: D:4-7


Innate Abilities, Weirdness & Mutations

You have an increased reservoir of magic. (+10% MP)
You shall have no god before yourself.
Your divine heritage dramatically boosts your attributes as you level up.


Message History

You destroy the gnoll skeleton!
Unknown command.
A wraith breaks down the door.
Unknown command.
You open the door.
A kobold skeleton and 5 orc skeletons come into view.
Found two gates leading back out of this place.
There is an open door here.
Unknown command.
Unknown command.
Unknown command.
Unknown command.
Unknown command.
The wraith attacks as you move away! The wraith hits you.
* * * LOW HITPOINT WARNING * * *
The wraith drains your vigour!
You feel yourself slow down.
Unknown command.
Unknown command.
Unknown command.
As you read the scroll labelled SIOTRO SEREEMO, it crumbles to dust.
It is a scroll of enchant weapon.
Your +0 short sword glows red for a moment.
The wraith barely misses you. The wraith hits you but does no damage.
Unknown command.
Unknown command.
Unknown command.
Unknown command.
Unknown command.
Unknown command.
The orc skeleton closely misses you.
The orc skeleton hits you but does no damage.
The wraith closely misses you.
Unknown command.
Unknown command.
Unknown command.
Unknown command.
Unknown command.
The wraith attacks as you move away! The wraith hits you!
Ouch! That really hurt!
You die...

#..... ##.........##
#.....##...#####...##
#....##...##...##...##
#....#...##.?.?.##Z..#
#....'...'..?!?..#...+
#..Z.#...##.?!?.##...#
#...M##...##...##...##
#....W##...#####...##
#...ZZ@##.....M...##.
#...Z...#####'#####..
#.∩..........Z.......
#....................
############'''######
#...# +...+ #...#
#...#


You could see a wraith, a mummy, a kobold skeleton and 3 orc skeletons.

Vanquished Creatures
  2 gnoll skeletons (Ossuary)
  5 kobold skeletons (Ossuary)
  2 orc skeletons (Ossuary)
9 creatures vanquished.

Notes
Turn   | Place    | Note
-------+----------+-------------------------------------------
     0 | D:5      | drugrobin the Demigod Delver began the quest for the Orb.
     0 | D:5      | Reached XP level 1. HP: 18/18 MP: 3/3
   330 | D:4      | Noticed a scorpion
   334 | D:4      | Found a sand-covered staircase.
   341 | Ossuary  | Entered an ossuary
   341 | Ossuary  | Noticed a wraith
   341 | Ossuary  | Noticed a wraith
   341 | Ossuary  | Noticed a wraith
   423 | Ossuary  | Noticed a wraith
   464 | Ossuary  | Mangled by a wraith

Illustrated notes

Levels and vault maps discovered:
D:4:      layout_cave_pools, minmay_temple_entry_gardened_gates,
          enter_ossuary_4, guppyfry_early_lair_pool
D:5:      layout_basic
Ossuary:  ossuary_due_mausoleum

Skill      XL: |  1 |
---------------+----+-----
Short Blades   | 2 |  2.3
Fighting       | |  2.6
Dodging        | |  1.7
Stealth        | |  4.5

Action                   || total
-------------------------++-------
Melee: Short sword       ||    34
       Punch             ||     1
  Use: Scroll            ||     2
       Potion            ||     1
Armor: Leather armour    ||    20
Dodge: Dodged            ||    18

Table legend: (Time is in decaauts)
 A = Elapsed time spent in this place.
 B = Non-inter-level travel time spent in this place.
 C = Inter-level travel time spent in this place.
 D = Time resting spent in this place.
 E = Time spent auto-exploring this place.
 F = Levels seen in this place.
 G = Mean time per level.
                   A        B        C        D        E       F      G
               +--------+--------+--------+--------+--------+-----+--------+
         Total |    452 |    397 |     55 |     23 |    201 |   3 |  150.7 |
       Dungeon |    340 |    285 |     55 |      0 |    201 |   2 |  170.0 |
       Ossuary |    111 |    111 |      0 |     23 |      0 |   1 |  111.0 |
               +--------+--------+--------+--------+--------+-----+--------+

Top non-repeatable levels by time:
     D:5: 328 daAuts
 Ossuary: 111 daAuts
     D:4: 12 daAuts
